Map: Lightshade LE

Players

KunDun - Winner!

  • Race: Zerg Zerg
  • League: Platinum
  • Spawn Location: 11:00

Brutaline

  • Race: Protoss Protoss
  • Spawn Location: 5:00

VOD

Have the link to the VOD?

Description

Time

  • Played on: Feb. 25, 2021, 3:53 p.m.
  • Length: 8:36
Show
View Real Time Build Order
Export as new Build Order

KunDun Zerg - Winner!

Build Orders: Pool First 

Get SALT Encoding   

  12  0:18  Spawning Pool  
  11  0:22  Drone  
  11  0:26  Drone  
  13  0:30  Drone  
  14  0:40  Overlord  
  14  1:05  Zergling x6  
  19  1:16  Hatchery  
  16  1:22  Zergling x2  
  17  1:31  Queen  
  19  1:37  Zergling x2  
  19  2:15  Zergling x6  
  22  2:38  Drone x2  
  22  2:39  Drone  
  22  2:40  Overlord  
  22  2:42  Queen  
  27  3:01  Drone x4  
  26  3:22  Drone x6  
  32  3:30  Roach Warren  
  31  3:36  Queen  
  31  3:37  Queen  
  31  3:38  Overlord x2  
  35  3:56  Drone x2  
  35  3:58  Drone  
  35  3:59  Drone  
  39  4:03  Hatchery  
  38  4:22  Extractor  
  38  4:23  Extractor, Drone x5  
  41  4:34  Queen  
  43  4:50  Drone x6  
  49  4:59  Drone  
  50  5:00  Drone  
  50  5:01  Overlord x3  
  50  5:02  Overlord  
  51  5:10  Lair  
  51  5:15  Extractor  
  51  5:16  Extractor  
  51  5:18  Roach  
  51  5:21  Drone x4  
  55  5:42  Roach x6  
  67  5:51  Queen  
  69  6:01  Overlord x2  
  69  6:02  Roach  
  69  6:03  Roach x5  
  69  6:04  Overlord x2  
  81  6:27  Roach x7  
  81  6:28  Roach x2  
  101  6:33  Roach x2  
  101  6:36  Queen  
  105  6:43  Ravager x2  
  104  6:52  Spore Crawler  
  100  6:54  Spore Crawler  
  100  6:56  Drone x6  
  95  7:09  Roach x3  
  96  7:16  Spore Crawler  
  96  7:17  Drone  
  87  7:40  Roach x5  
  87  7:42  Zergling x2  
  87  7:43  Zergling x2  
  91  8:16  Roach x9  
  91  8:19  Zergling x2  
Show
View Real Time Build Order
Export as new Build Order

Brutaline Protoss 

Build Orders: 1 Gate Expand 

Get SALT Encoding   

  12  0:00  Probe  
  13  0:12  Probe  
  14  0:19  Pylon  
  14  0:24  Probe  
  15  0:37  Probe (Chrono Boost)  
  15  0:40  Gateway  
  16  0:49  Probe (Chrono Boost)  
  17  0:55  Probe (Chrono Boost)  
  18  0:58  Assimilator  
  18  1:04  Probe  
  19  1:16  Probe  
  20  1:19  Assimilator  
  20  1:33  Nexus  
  20  1:44  Cybernetics Core  
  20  1:47  Zealot (Chrono Boost)  
  21  2:08  Gateway  
  21  2:10  Pylon  
  19  2:19  Probe  
  19  2:23  Pylon  
  19  2:36  Adept (Chrono Boost)  
  21  2:51  Gateway  
  21  2:57  Gateway  
  21  3:06  Shield Battery  
  21  3:15  Pylon  
  21  3:16  Probe  
  21  3:23  Warp Gate (Chrono Boost)  
  21  3:29  Adept  
  23  3:38  Probe (Chrono Boost)  
  23  3:39  Probe (Chrono Boost)  
  25  3:47  Probe x2 (Chrono Boost)  
  27  3:52  Probe (Chrono Boost)  
  28  4:02  Stargate, Probe (Chrono Boost)  
  30  4:13  Probe x2 (Chrono Boost)  
  31  4:18  Probe (Chrono Boost)  
  31  4:19  Probe (Chrono Boost)  
  31  4:22  Adept  
  35  4:26  Sentry  
  37  4:31  Probe  
  37  4:34  Probe, Pylon  
  39  4:46  Probe x2  
  39  4:49  Oracle (Chrono Boost)  
  44  4:58  Probe x2  
  46  5:10  Probe, Twilight Council  
  46  5:11  Probe  
  48  5:15  Forge  
  48  5:21  Stalker  
  48  5:22  Probe  
  48  5:23  Probe  
  52  5:34  Probe  
  52  5:35  Probe  
  54  5:38  Stalker  
  54  5:39  Oracle (Chrono Boost)  
  59  5:46  Probe  
  59  5:47  Probe  
  61  5:53  Pylon  
  61  5:55  Assimilator  
  61  5:58  Assimilator  
  61  5:59  Protoss Ground Weapons Level 1  
  61  6:18  Probe  
  62  6:27  Stalker x2  
  62  6:28  Stalker, Pylon  
  62  6:29  Pylon  
  68  6:42  Nexus  
  68  6:46  Probe  
  68  6:47  Probe  
  70  6:48  Void Ray (Chrono Boost)  
  74  7:15  Stalker x2  
  76  7:22  Probe  
  78  7:25  Probe  
  78  7:29  Gateway  
  74  7:31  Gateway  
  74  7:36  Void Ray (Chrono Boost), Pylon  
  66  7:42  Pylon  
  66  7:49  Stalker x3  
  67  8:13  Stalker x2  
  59  8:28  Stalker x2  
Tags
 
Add a new tag
Caveats
  • Supply blocks, unpowered buildings, or Contaminate may cause inaccurate times.
  • Supply counts are checked every 10 seconds.